 Dungeon Crawl Stone Soup version 0.20.1-1-g8b1a95d (webtiles) character file.

121 HuneSparrow the Skirmisher (level 4, -5/37 HPs)
             Began as a Demonspawn Fighter on July 20, 2017.
             Slain by an orc
             ... wielding a +0 flail
              (7 damage)
             ... on level 3 of the Dungeon.
             The game lasted 00:06:11 (3433 turns).

HuneSparrow the Skirmisher (Demonspawn Fighter)     Turns: 3433, Time: 00:06:12

Health: -5/37      AC:  6    Str: 18    XL:     4   Next: 77%
Magic:  4/4        EV:  7    Int:  9    God:
Gold:   60         SH: 15    Dex: 12    Spells: 3/3 levels left

rFire    . . .     SeeInvis .   a - +0 long sword
rCold    + . .     Gourm    .   c - +0 shield
rNeg     . . .     Faith    .   b - +0 scale mail
rPois    .         Spirit   .   (no helmet)
rElec    .         Reflect  .   (no cloak)
rCorr    +         Harm     .   (no gloves)
MR       .....                  (no boots)
Stlth    ..........             (no amulet)
Regen    0.2/turn               e - ring of resist corrosion
MPRegen  0.1/turn               j - ring of protection from cold

@: no status effects
A: large bone plates 2
a: no special abilities


You were on level 3 of the Dungeon.
You were not hungry.

You visited 1 branch of the dungeon, and saw 3 of its levels.

You collected 60 gold pieces.

Inventory:

Hand Weapons
 a - a +0 long sword (weapon)
Armour
 b - a +0 scale mail (worn)
 c - a +0 shield (worn)
Jewellery
 e - a ring of resist corrosion (left hand)
 j - a ring of protection from cold (right hand)
Potions
 d - a potion of might
 h - 2 potions of curing
Comestibles
 f - 4 bread rations
 g - a royal jelly
 i - 9 chunks of flesh
 l - a meat ration


   Skills:
 + Level 3.9 Fighting
 + Level 2.5 Long Blades
 + Level 3.4 Armour
 + Level 3.3 Shields


You had 3 spell levels left.
You didn't know any spells.

Dungeon Overview and Level Annotations

Branches:
Dungeon (3/15)

Altars:
Kikubaaqudgha


Innate Abilities, Weirdness & Mutations

You are mostly covered in large bone plates. (SH +6)


Message History

The orc wizard gestures wildly while chanting.
The orc wizard blinks!
Your shield and scale mail prevent you from hitting the orc wizard.
You block the orc wizard's attack.
The orc wizard points at you and mumbles some strange words.
You resist with some effort.
You miss the orc wizard.
The orc priest casts a cantrip, but nothing happens.
You block the orc's attack. You block the orc wizard's attack.
You closely miss the orc wizard.
The orc wizard hits you but does no damage.
You block the orc's attack. The orc wizard barely misses you.
You hit the orc wizard.
The orc wizard is heavily wounded.
The orc wizard gestures at you while chanting.
The magic dart hits you!
* * * LOW HITPOINT WARNING * * *
The orc priest barely misses you. You block the orc wizard's attack.
The orc hits you with a flail!
You die...

#.........###..............#
###.#######.###...#..##.######
..............>#.#.#..##.#
.###.##....#...)[#.#.....#
.....##.##.#.......#.#####
.........#.##.######.....#
.##......#....##########.#
.........#.##.##.o.......#
####..####.##.##@#########
##.## ####..ooo..# #.###..#
#.##o##.# .......## #.....#.#
#.####..# #.......# ##.##
#.###.### #..# #o# ## ##.# #.#
#.# #.#


You could see an orc priest, 2 orc wizards and 2 orcs.

Vanquished Creatures
  An orc priest (D:3)
  4 adders (D:2)
  An ooze (D:2)
  A worm (D:2)
  A dart slug (D:3)
  A leopard gecko (D:1)
  4 orcs
  6 bats
  5 giant cockroaches
  4 hobgoblins
  A quokka (D:2)
  A ball python (D:1)
  5 frilled lizards
  2 goblins (D:1)
  3 kobolds
  7 rats
47 creatures vanquished.

Notes
Turn   | Place    | Note
-------+----------+-------------------------------------------
     0 | D:1      | HuneSparrow the Demonspawn Fighter began the quest for the Orb.
     0 | D:1      | Reached XP level 1. HP: 18/18 MP: 1/1
   481 | D:1      | Gained mutation: You are partially covered in large bone plates. (SH +4) [demonic ancestry]
   481 | D:1      | Reached XP level 2. HP: 23/24 MP: 2/2
  1308 | D:2      | Gained mutation: You are mostly covered in large bone plates. (SH +6) [demonic ancestry]
  1308 | D:2      | Reached XP level 3. HP: 18/29 MP: 3/3
  2167 | D:2      | Found an ancient bone altar of Kikubaaqudgha.
  2565 | D:2      | Reached XP level 4. HP: 15/37 MP: 4/4
  3433 | D:3      | Slain by an orc

Skill      XL: |  1  2  3 |
---------------+----------+-----
Long Blades    | 2 |  2.5
Shields        | 3 |  3.3
Armour         | 3 |  3.4
Fighting       | |  3.9

Action                   |  1- 3 |  4- 6 || total
-------------------------+-------+-------++-------
Melee: Long sword        |   194 |    48 ||   242
  Use: Scroll            |     3 |     1 ||     4
       Potion            |       |     1 ||     1
  Eat: Chunk             |     4 |     4 ||     8
Armor: Scale mail        |    76 |     6 ||    82
Dodge: Dodged            |    55 |    10 ||    65
Block: Shield            |   163 |    39 ||   202
       Rpst.: Long sword |    15 |     2 ||    17
